 Dungeon Crawl Stone Soup version 0.18-a0-123-g3323726 (webtiles) character file.

48960 ReteAZ the Grappler (level 14, -1/135 HPs)
             Began as a Troll Monk on Nov 20, 2015.
             Was the Champion of Ru.
             Slain by a komodo dragon (20 damage)
             ... on level 8 of the Lair of Beasts.
             The game lasted 01:00:52 (17997 turns).

ReteAZ the Grappler (Troll Monk)                   Turns: 17997, Time: 01:00:52

Health: -1/135     AC: 16    Str: 22    XL:     14   Next: 14%
Magic:  13/13      EV: 17    Int:  7    God:    Ru [******]
Gold:   1161       SH: 13    Dex: 20    Spells: 0 memorised, 13 levels left

rFire  + . .     SeeInvis .       - Unarmed
rCold  + . .     Clarity  .     T - quicksilver dragon armour
rNeg   . . .     SustAt   .     k - +1 shield {reflect}
rPois  .         Gourm    +     Y - +2 hat of Narcissism {rElec rC+}
rElec  +         Spirit   .     (no cloak)
rCorr  .         Warding  .     (gloves unavailable)
rMut   .         Stasis   .     (boots unavailable)
MR     +....                    (no amulet)
Stlth  ..........               n - +5 ring of dexterity
                                t - ring of protection from fire

@: no potions, somewhat resistant to hostile enchantments, extremely unstealthy
A: unfitting armour, claws 3, fast metabolism 3, gourmand, regeneration 2,
shaggy fur 1, tough skin 2, inability to drink while threatened, no stealth,
inability to use devices, hated by all, magic vulnerability 1
a: Draw Out Power, Power Leap, Apocalypse, Renounce Religion


You were on level 8 of the Lair of Beasts.
You worshipped Ru.
Ru was exalted by your worship.
You were very full.

You visited 3 branches of the dungeon, and saw 21 of its levels.

You collected 1581 gold pieces.
You spent 420 gold pieces at shops.

Inventory:

Hand Weapons
 N - the +4 dagger of Suthyxt {pierce, rN++ Stlth+}
   (You took it off an orc wizard on level 10 of the Dungeon)

   It inflicts extra damage upon your enemies.
   It greatly protects you from negative energy.
   It makes you more stealthy.
Missiles
 D - 4 tomahawks
 M - 3 throwing nets (quivered)
 R - 3 javelins
Armour
 k - a +1 shield of reflection (worn)
 T - a quicksilver dragon armour (worn)
 Y - the +2 hat of Narcissism (worn) {rElec rC+}
   (You found it on level 9 of the Dungeon)

   It protects you from cold.
   It insulates you from electricity.
Jewellery
 a - an uncursed amulet of warding
 l - an uncursed amulet of resist mutation
 n - a +5 ring of dexterity (right claw)
 r - an uncursed ring of positive energy
 t - a ring of protection from fire (left claw)
 y - a +1 ring of slaying
 Q - an uncursed ring of poison resistance
Scrolls
 e - 4 scrolls of enchant weapon
 f - 3 scrolls of blinking
 g - 7 scrolls of identify
 j - 2 scrolls of fear
 o - 6 scrolls of remove curse
 q - 8 scrolls of teleportation
 H - a scroll of magic mapping
 K - 3 scrolls of amnesia
Potions
 c - a potion of berserk rage
 d - 6 potions of curing
 h - 2 potions of flight
 m - 2 potions of brilliance
 w - 3 potions of magic
 z - a potion of cure mutation
 B - a potion of cancellation
 F - 3 potions of resistance
 J - 2 potions of might
 P - a potion of haste
 S - a potion of agility
Books
 i - a book of Enchantments

   Spells                             Type                      Level
   a - Cause Fear                     Hexes                        4
   b - Silence                        Hexes/Air                    5
   c - Deflect Missiles               Charms/Air                   6
   d - Haste                          Charms                       6
   e - Discord                        Hexes                        8
 u - a book of Minor Magic

   Spells                             Type                      Level
   a - Magic Dart                     Conjuration                  1
   b - Blink                          Translocation                2
   c - Call Imp                       Summoning                    2
   d - Repel Missiles                 Charms/Air                   2
   e - Slow                           Hexes                        2
   f - Conjure Flame                  Conjuration/Fire             3
   g - Mephitic Cloud                 Conjuration/Poison/Air       3
 G - a book of Beasts

   Spells                             Type                      Level
   a - Summon Butterflies             Summoning                    1
   b - Call Canine Familiar           Summoning                    3
   c - Summon Ice Beast               Ice/Summoning                4
   d - Summon Mana Viper              Hexes/Summoning              5
   e - Summon Hydra                   Summoning                    7
 L - a book of the Sky

   Spells                             Type                      Level
   a - Summon Lightning Spire         Summoning/Air                4
   b - Airstrike                      Air                          4
   c - Silence                        Hexes/Air                    5
   d - Deflect Missiles               Charms/Air                   6
   e - Conjure Ball Lightning         Conjuration/Air              6
   f - Tornado                        Air                          9
Comestibles
 b - 15 bread rations {@e1}
 p - 2 royal jellies
 s - 9 chunks of flesh {@w0}
 v - 8 meat rations {@e2}
 A - 7 beef jerkies
 C - 5 fruits
 O - 8 slices of pizza


   Skills:
 + Level 7.7 Fighting
 - Level 7.0 Armour
 - Level 11.0 Dodging
 - Level 10.0 Shields
 * Level 13.9 Unarmed Combat


You had 13 spell levels left.
You didn't know any spells.

Dungeon Overview and Level Annotations

Branches:
Dungeon (12/15)            Temple (1/1) D:4            Lair (8/8) D:9
  Swamp (0/4) Lair:6        Snake (0/4) Lair:5        Slime (0/6) Lair:6
    Orc (0/4) D:9

Altars:
Ashenzari
Cheibriados
Dithmenos
Elyvilon
Fedhas
Gozag
Kikubaaqudgha
Makhleb
Nemelex Xobeh
Okawaru
Qazlal
Ru
Sif Muna
Trog
Vehumet
Xom
Yredelemnul
Zin
The Shining One

Shops:
D:5 =:   D:6 (   D:8 *   D:9 [(   D:10 !

Annotations:
D:5 1 runed door
D:12 Maud


Innate Abilities, Weirdness & Mutations

You are too large for most types of armour.
You have claws for hands.
Your metabolism is lightning-fast.
You like to eat raw meat.
You heal very quickly.
You are covered in fur (AC +1).
You have very tough skin (AC +2).
You cannot drink potions while threatened.
You cannot be stealthy.
You cannot study or use magical devices.
You are hated by all.
You are slightly vulnerable to magic.


Message History

You focus your will and slow the komodo dragon in retribution!
The komodo dragon bites you!
* * * LOW HITPOINT WARNING * * *
The fire dragon bites you but does no damage.
You block the fire dragon's attack. x2
You claw the fire dragon!
You kill the fire dragon!
You block the komodo dragon's attack.
You completely miss the komodo dragon.
The komodo dragon is heavily wounded.
You block the komodo dragon's attack.
You closely miss the komodo dragon.
The komodo dragon is heavily wounded.
The komodo dragon misses you.
You claw the komodo dragon!
The komodo dragon is severely wounded.
The komodo dragon bites you!!
* * * LOW HITPOINT WARNING * * *
The komodo dragon bites you!!
You die...

. P≈≈♣♣ !.≈≈≈≈.♣♣
.. ≈≈..♣♣ ...≈≈≈≈.♣
.♣♣≈≈≈P.♣♣♣♣.≈≈≈≈≈♣
.♣≈≈♣♣≈≈P♣♣.≈≈≈≈≈≈♣
..≈♣♣P.≈≈♣♣♣≈≈≈≈≈≈♣
.†≈♣♣♣..≈≈♣♣.≈≈≈≈≈♣
≈†♣≈.♣..≈..♣P.≈≈≈≈♣
≈.♣..♣..≈♣♣♣..≈≈ll♣
†♣♣♣.[♣♣.≈≈♣♣P≈≈@.♣
≈≈♣♣...♣≈.≈≈≈≈≈..♣♣
≈[♣♣.♣♣♣..≈≈≈≈P..♣
≈♣♣♣♣♣ ♣♣♣P≈≈(..♣♣
≈P.### ♣♣♣♣♣♣♣♣
.....############
...............P#
.÷............P.#
...............##


You could see 2 komodo dragons.

Vanquished Creatures
  Gastronok (Lair:2)
  A fire dragon (Lair:8)
  Harold (Lair:3)
  3 hydras
  Pikel (D:8)
  2 hill giants
  The ghost of twist the Grappler, a novice DrTm of Cheibriados (D:7)
  A griffon (Lair:5)
  An ugly thing (D:11)
  16 elephants
  8 black mambas
  A manticore (D:11)
  A molten gargoyle (Lair:1)
  9 komodo dragons
  14 spiny frogs
  10 fire drakes
  2 polar bears
  2 trolls (D:10)
  7 blink frogs
  Prince Ribbit (D:5)
  A boulder beetle (Lair:7)
  4 deep elf magi
  Sigmund (D:5)
  A wyvern (D:8)
  26 yaks
  2 spriggans
  A wraith (D:10)
  2 basilisks
  A human (D:8)
  2 steam dragons
  8 hippogriffs
  11 wolves
  3 mottled dragons (Lair:8)
  2 hungry ghosts
  Edmund (D:5)
  12 porcupines
  4 nagas
  19 water moccasins
  A necrophage (D:11)
  12 orc warriors
  4 sky beasts
  3 slaves (D:8)
  A wasp (D:9)
  2 ice beasts
  2 phantoms
  3 swamp drakes
  A black bear (D:8)
  5 ogres
  The ghost of blinkfrog the Chopper, an amateur DsGl (D:5)
  15 crocodiles
  8 centaurs
  A big kobold (D:9)
  15 giant frogs
  A brain worm (Lair:6)
  2 wyvern skeletons
  7 scorpions
  6 wights
  2 lava snakes (Lair:7)
  7 killer bees
  5 electric eels (D:11)
  The ghost of haldagan the Insei, a weakling OpTm (D:3)
  2 hounds
  2 giant frog zombies
  2 centaur zombies
  6 crimson imps
  5 jellies
  12 iguanas
  Ijyb (D:3)
  10 orc priests
  A centaur skeleton (D:8)
  Jessica (D:3)
  An iron imp (D:9)
  13 orc wizards
  Natasha (twice) (D:4)
  10 worker ants
  5 hell rats (Lair:2)
  31 sheep
  A worker ant zombie (D:10)
  10 adders
  42 river rats
  2 shadow imps
  13 white imps
  3 adder zombies
  3 oozes
  2 worms (D:3)
  6 giant geckos
  62 orcs
  7 bats
  7 giant cockroaches
  8 goblins
  6 hobgoblins
  10 kobolds
  A quokka (D:8)
  3 ball pythons (D:2)
  3 giant newts
  4 jackals
  4 rats
  A butterfly (D:5)
  20 fungi
  12 plants
623 creatures vanquished.

Vanquished Creatures (others)
  A hydra (Lair:8)
  An unseen horror (D:12)
  A komodo dragon (Lair:8)
  A centaur (D:12)
  2 wights (D:11)
  A sheep (Lair:6)
  A hound zombie (D:8)
  An orc (D:11)
  9 fungi
  22 plants
40 creatures vanquished.

Grand Total: 663 creatures vanquished

Notes
Turn   | Place    | Note
--------------------------------------------------------------
     0 | D:1      | ReteAZ the Troll Monk began the quest for the Orb.
     0 | D:1      | Reached XP level 1. HP: 22/22 MP: 0/0
   114 | D:1      | Reached XP level 2. HP: 29/29 MP: 1/1
   596 | D:2      | Reached XP level 3. HP: 21/36 MP: 2/2
   976 | D:2      | Reached XP level 4. HP: 44/44 MP: 3/3
   977 | D:2      | Reached skill level 5 in Unarmed Combat
  1151 | D:3      | Noticed Ijyb
  1165 | D:3      | Killed Ijyb
  1291 | D:3      | Noticed Jessica
  1295 | D:3      | Killed Jessica
  1295 | D:3      | Reached XP level 5. HP: 49/53 MP: 4/4
  1322 | D:3      | Noticed haldagan's ghost (weakling OpTm)
  1341 | D:3      | Killed haldagan's ghost
  1573 | D:4      | Noticed an ogre
  1581 | D:4      | Killed an ogre
  1581 | D:4      | Reached skill level 6 in Unarmed Combat
  1581 | D:4      | Reached XP level 6. HP: 61/61 MP: 5/5
  1674 | D:4      | Found a staircase to the Ecumenical Temple.
  1807 | D:5      | Entered Level 5 of the Dungeon
  1909 | Temple   | Entered the Ecumenical Temple
  2189 | D:4      | Noticed Natasha
  2197 | D:4      | Killed Natasha
  2502 | D:4      | Noticed Natasha
  2506 | D:4      | Killed Natasha
  2547 | D:5      | Found Gady's Jewellery Boutique.
  2547 | D:5      | Noticed blinkfrog's ghost (amateur DsGl)
  2558 | D:5      | Killed blinkfrog's ghost
  2610 | D:5      | Noticed Sigmund
  2623 | D:5      | Killed Sigmund
  2623 | D:5      | Reached XP level 7. HP: 70/70 MP: 6/6
  2784 | D:5      | Reached skill level 7 in Unarmed Combat
  2868 | D:5      | Found Tel Dudoa's Book Shop.
  2889 | D:5      | Found a runed door.
  2891 | D:5      | Found a runed door.
  2982 | D:5      | Noticed Prince Ribbit
  2989 | D:5      | Killed Prince Ribbit
  2989 | D:5      | Reached XP level 8. HP: 58/79 MP: 7/7
  3067 | D:5      | Noticed Edmund
  3073 | D:5      | Killed Edmund
  3073 | D:5      | Reached skill level 8 in Unarmed Combat
  3239 | D:6      | Found Tufuz's Weapon Shop.
  3357 | D:6      | Reached skill level 5 in Fighting
  3365 | D:6      | Reached skill level 5 in Dodging
  3717 | D:7      | Noticed twist's ghost (novice DrTm)
  3747 | D:7      | HP: 3/80 [twist's ghost (9)]
  3755 | D:7      | Killed twist's ghost
  3755 | D:7      | Reached skill level 9 in Unarmed Combat
  3755 | D:7      | Reached XP level 9. HP: 32/88 MP: 8/8
  4212 | D:7      | Reached skill level 10 in Unarmed Combat
  4657 | D:7      | Gained mutation: Your spells are a little harder to cast, but a little more powerful. [potion of mutation]
  4657 | D:7      | Gained mutation: You are weak. (Str -2) [potion of mutation]
  4657 | D:7      | Gained mutation: You are frail (-10% HP). [potion of mutation]
  4658 | D:7      | Gained mutation: You can spit weak poison. [potion of mutation]
  4658 | D:7      | Lost mutation: Your spells are a little harder to cast, but a little more powerful. [potion of mutation]
  4658 | D:7      | Gained mutation: Your mind is acute. (Int +2) [potion of mutation]
  4659 | D:7      | Lost mutation: You are frail (-10% HP). [potion of cure mutation]
  4659 | D:7      | Lost mutation: You can spit weak poison. [potion of cure mutation]
  4659 | D:7      | Lost mutation: You are weak. (Str -2) [potion of cure mutation]
  4659 | D:7      | Lost mutation: Your mind is acute. (Int +2) [potion of cure mutation]
  5319 | D:8      | Found a white marble altar of Elyvilon.
  5328 | D:8      | Reached skill level 11 in Unarmed Combat
  5328 | D:8      | Reached XP level 10. HP: 93/100 MP: 9/9
  5501 | D:8      | You fall through a shaft!
  5518 | D:8      | Noticed Pikel
  5587 | D:8      | Killed Pikel
  5891 | D:8      | Found Yram Veate's General Store.
  5922 | D:8      | Bought a potion of haste for 140 gold pieces
  5922 | D:8      | Bought an uncursed ring of poison resistance for 280 gold pieces
  6247 | D:9      | Found a staircase to the Lair.
  6805 | D:9      | Reached skill level 12 in Unarmed Combat
  6917 | Lair:1   | Entered Level 1 of the Lair of Beasts
  7146 | Lair:1   | Noticed a black mamba
  7225 | Lair:1   | Killed a black mamba
  7375 | Lair:3   | Reached XP level 11. HP: 103/109 MP: 10/10
  7709 | Lair:4   | Reached skill level 1 in Armour
  8006 | Lair:6   | Found a staircase to the Slime Pits.
  8025 | Lair:6   | Reached skill level 1 in Shields
  8581 | Temple   | Became a worshipper of Ru the Awakened
  8587 | Temple   | Gained mutation: You cannot be stealthy. [Ru sacrifice]
  8802 | D:10     | Entered Level 10 of the Dungeon
  8983 | D:9      | Found Veraom's Armour Shop.
  8983 | D:9      | Found a staircase to the Orcish Mines.
  8985 | D:9      | Found Doxuvut's Weapon Shop.
  9361 | D:9      | Reached skill level 13 in Unarmed Combat
  9374 | D:9      | Got a distressingly furry hat
  9395 | D:9      | Identified the +2 hat of Narcissism {rElec rC+} (You found it on level 9 of the Dungeon)
  9518 | D:10     | Found Ciasoufoj's Distillery.
  9565 | D:10     | Noticed a hill giant
  9574 | D:10     | Killed a hill giant
  9729 | D:10     | Got an ivory dagger {pierce}
 10237 | D:11     | Gained mutation: You are hated by all. [Ru sacrifice]
 10237 | D:11     | Reached * piety under Ru
 10237 | D:11     | Reached ** piety under Ru
 10263 | D:11     | Reached XP level 12. HP: 118/118 MP: 11/11
 11111 | D:12     | Found a shadowy altar of Dithmenos.
 11224 | D:12     | Noticed Maud
 11632 | Lair:1   | Reached skill level 5 in Shields
 11637 | Lair:1   | Reached skill level 5 in Armour
 11763 | Lair:1   | Reached skill level 10 in Dodging
 12661 | Lair:2   | Noticed Gastronok
 12918 | Lair:2   | Gained mutation: You are slightly vulnerable to magic. [Ru sacrifice]
 12918 | Lair:2   | Reached *** piety under Ru
 12993 | Lair:2   | Killed Gastronok
 13034 | Lair:2   | Identified a scroll of acquirement
 13616 | Lair:3   | Reached XP level 13. HP: 124/124 MP: 12/12
 13728 | Lair:3   | Noticed Harold
 13912 | Lair:3   | Killed Harold
 14913 | Lair:5   | Gained mutation: You cannot drink potions while threatened. [Ru sacrifice]
 14913 | Lair:5   | Reached **** piety under Ru
 15141 | Lair:5   | Found a sparkling altar of Nemelex Xobeh.
 15163 | Lair:5   | Found a staircase to the Snake Pit.
 15936 | Lair:5   | Identified the +4 dagger of Suthyxt {pierce, rN++ Stlth+} (You took it off an orc wizard on level 10 of the Dungeon)
 16181 | Lair:6   | Found a staircase to the Swamp.
 16621 | Lair:7   | Gained mutation: You cannot study or use magical devices. [Ru sacrifice]
 16621 | Lair:7   | Reached ***** piety under Ru
 16621 | Lair:7   | Reached ****** piety under Ru
 16909 | Lair:7   | Reached skill level 10 in Shields
 17294 | Lair:8   | Entered Level 8 of the Lair of Beasts
 17752 | Lair:8   | Reached XP level 14. HP: 133/133 MP: 13/13
 17997 | Lair:8   | Slain by a komodo dragon

Vault maps used:
D:1:      scummos_arrival_star, glass_columns_a
D:2:      first_bread
D:3:      uniq_iyjb, uniq_jessica
D:4:      temple_doors_c, uniq_natasha
D:5:      lemuel_insect_pit, serial_shops, nicolae_shop_stone, shop,
          uniq_prince_ribbit1, uniq_sigmund, uniq_edmund
D:6:      serial_shops, kennysheep_mini
D:8:      elyvilon_altar_3, serial_shops, nicolae_shop_behind_doors,
          enter_bailey_2, grunt_livestock, grunt_ministairs_11, uniq_pikel
D:9:      dpeg_lair_monsters, orc_david_3, serial_glass, glass_columns_b,
          glass_columns_a, hangedman_minor_magic
D:10:     serial_shops, shop
D:12:     basic_altar, mrwooster_statue_mirror, minmay_crystal_room, uniq_maud
Temple:   grunt_wide_crystal_templ_18
Lair:1:   bh_autumn_forest_stairs
Lair:2:   uniq_gastronok
Lair:3:   portal_ice_cave_entry_imps, uniq_harold
Lair:5:   wad_woods_stonehenge, guppyfry_snake_entry_garden, minivault_23,
          grunt_forest_small_clearing_treed
Lair:6:   swamp_mist, slime_dummy, st_stairs_10, serial_bayou_shore_b
Lair:7:   statuecave_lemuel, minmay_holes, minmay_lair_drake_nest
Lair:8:   guppyfry_lair_end_dragon, hangedman_lair_caniforms_friends,
          serial_bayou_crossing

Action                   |  1- 3 |  4- 6 |  7- 9 | 10-12 | 13-15 || total
-------------------------+-------+-------+-------+-------+-------++-------
Melee: Unarmed           |   101 |   103 |   341 |  1058 |   611 ||  2214
       Dagger            |       |       |       |       |    34 ||    34
Throw: Tomahawk          |       |       |     4 |    16 |       ||    20
       Javelin           |       |       |       |    20 |     2 ||    22
       Throwing net      |       |       |       |     1 |       ||     1
Invok: Sacrifice Stealth |       |       |       |     1 |       ||     1
       Sacrifice Love    |       |       |       |     1 |       ||     1
       Sacrifice Essence |       |       |       |     1 |       ||     1
       Apocalypse        |       |       |       |       |     1 ||     1
       Sacrifice Drink   |       |       |       |       |     1 ||     1
       Sacrifice Artific |       |       |       |       |     1 ||     1
  Use: Potion            |       |       |    10 |     2 |     1 ||    13
       Scroll            |       |       |     7 |    20 |     3 ||    30
 Stab: Sleeping          |       |     1 |     3 |     1 |       ||     5
       Distracted        |       |       |     1 |       |     7 ||     8
       Paralysed         |       |       |       |       |     3 ||     3
       Invisible         |       |       |       |       |     2 ||     2
       Confused          |       |       |       |       |     1 ||     1
  Eat: Chunk             |    12 |    10 |    32 |    82 |    40 ||   176
